Map: Heavy Artillery LE

Players

BLAME - Winner!

  • Race: Zerg Zerg
  • Spawn Location: 1:00

Doubt - Winner!

  • Race: Zerg Zerg
  • Spawn Location: 3:00

Contrasena

  • Race: Protoss Protoss
  • League: Gold
  • Spawn Location: 7:00

yander

  • Race: Zerg Zerg
  • League: Gold
  • Spawn Location: 7:00

VOD

Have the link to the VOD?

Description

Time

  • Played on: Sept. 9, 2020, 1:04 a.m.
  • Length: 7:32
Show
View Real Time Build Order
Export as new Build Order

BLAME Zerg - Winner!

Build Orders: 1 Base Baneling Bust, Pool First 

Get SALT Encoding   

  12  0:01  Drone  
  13  0:08  Drone  
  14  0:17  Overlord  
  14  0:32  Extractor, Drone  
  15  0:39  Spawning Pool  
  15  0:42  Drone  
  15  0:45  Drone  
  15  0:49  Extractor  
  15  0:52  Drone  
  16  1:07  Drone x2  
  18  1:16  Extractor  
  17  1:23  Drone  
  18  1:26  Queen  
  20  1:35  Zergling x2  
  21  1:43  Drone  
  22  1:53  Metabolic Boost  
  22  1:57  Overlord  
  22  2:12  Overlord  
  22  2:16  Evolution Chamber  
  22  2:17  Zergling x2  
  22  2:22  Zergling x2  
  23  2:33  Queen  
  25  2:37  Zergling x2  
  26  2:46  Zergling x2  
  26  2:47  Zerg Melee Weapons Level 1  
  26  3:11  Roach Warren  
  24  3:22  Zergling x6  
  27  3:27  Drone x3  
  27  3:28  Baneling Nest  
  29  3:43  Overlord  
  29  3:50  Overlord  
  29  3:54  Zergling x2  
  29  4:22  Zergling x6  
  27  4:38  Lair  
  27  4:39  Hatchery  
  26  4:53  Zergling x4  
  28  5:00  Drone  
  28  5:01  Drone x2  
  31  5:15  Zerg Ground Armor Level 1  
  31  5:19  Drone  
  31  5:20  Drone  
  33  5:40  Drone  
  33  5:41  Drone x4  
  37  6:00  Zergling x6  
  39  6:08  Drone  
  39  6:09  Drone x2  
  42  6:23  Queen  
  44  6:27  Spore Crawler  
  44  6:29  Spore Crawler  
  44  6:31  Zergling x8  
  44  6:32  Zergling x2  
  47  6:34  Drone  
  48  6:41  Baneling x3  
  48  6:42  Baneling x3  
  48  6:44  Zergling x2  
  49  6:49  Zergling x6  
  48  7:06  Zergling x8  
  48  7:07  Zergling x2  
Show
View Real Time Build Order
Export as new Build Order

Doubt Zerg - Winner!

Build Orders: Hatch First 

Get SALT Encoding   

  12  0:00  Drone  
  13  0:12  Overlord  
  13  0:18  Drone  
  14  0:31  Drone x2  
  16  0:39  Drone  
  17  0:53  Hatchery  
  16  0:58  Drone  
  16  1:01  Extractor  
  16  1:14  Spawning Pool  
  16  1:16  Drone  
  16  1:33  Drone x2  
  16  1:34  Drone  
  19  1:44  Overlord  
  19  2:00  Hatchery  
  18  2:04  Queen  
  21  2:08  Queen  
  23  2:23  Hatchery  
  23  2:26  Drone  
  23  2:31  Drone  
  23  2:32  Drone  
  23  2:35  Drone  
  26  2:48  Drone x3  
  26  2:51  Drone  
  30  3:09  Roach Warren, Drone  
  30  3:10  Drone x3  
  33  3:19  Overlord  
  33  3:33  Extractor  
  32  3:34  Lair  
  32  3:39  Evolution Chamber  
  31  3:43  Drone x3  
  34  3:53  Queen  
  36  4:01  Spine Crawler  
  35  4:03  Spine Crawler  
  35  4:05  Spore Crawler  
  35  4:07  Drone  
  35  4:08  Drone x4  
  38  4:12  Drone x2  
  38  4:14  Drone  
  41  4:22  Extractor  
  41  4:24  Extractor  
  39  4:37  Spire  
  38  4:40  Spore Crawler  
  38  4:43  Spore Crawler, Drone x3  
  38  4:44  Drone x2  
  38  4:45  Drone  
  42  4:48  Overlord  
  42  5:05  Drone  
  42  5:06  Drone x3  
  47  5:07  Drone  
  47  5:14  Drone x2  
  47  5:15  Drone  
  50  5:38  Overlord  
  50  5:40  Overlord  
  50  5:59  Mutalisk  
  50  6:00  Mutalisk x7  
  66  6:07  Mutalisk  
  68  6:12  Extractor  
  68  6:13  Drone x5, Extractor  
  68  6:14  Drone  
  72  6:37  Hatchery  
  71  6:45  Overlord x3  
  71  7:05  Mutalisk x6  
Show
View Real Time Build Order
Export as new Build Order

Contrasena Protoss 

Build Orders:  

Get SALT Encoding   

  12  0:01  Probe  
  13  0:13  Probe  
  14  0:18  Pylon  
  14  0:25  Probe  
  15  0:37  Probe  
  15  0:39  Gateway  
  16  0:50  Assimilator  
  16  0:57  Probe (Chrono Boost)  
  17  1:07  Probe (Chrono Boost)  
  18  1:12  Probe (Chrono Boost)  
  19  1:23  Assimilator, Probe  
  20  1:36  Probe  
  21  1:40  Cybernetics Core  
  21  1:47  Pylon  
  21  1:48  Probe  
  22  2:06  Probe  
  23  2:19  Nexus  
  23  2:29  Pylon, Stalker (Chrono Boost)  
  24  2:49  Pylon  
  24  2:55  Probe  
  25  3:02  Robotics Facility  
  25  3:07  Probe  
  26  3:20  Forge  
  26  3:23  Stalker  
  28  3:32  Gateway  
  28  3:33  Gateway  
  28  3:35  Probe x2  
  30  4:03  Probe x2  
  30  4:37  Photon Cannon  
  30  4:40  Photon Cannon  
  30  4:42  Photon Cannon  
  30  4:54  Observer  
  30  4:57  Probe  
  32  5:05  Probe  
  33  5:09  Probe  
  34  5:14  Robotics Bay  
  34  5:15  Observer  
  34  5:17  Warp Gate, Probe  
  36  5:21  Probe  
  37  5:30  Probe  
  37  5:32  Twilight Council  
  38  5:38  Probe  
  38  5:42  Probe  
  40  5:48  Shield Battery  
  40  5:51  Probe  
  40  5:55  Photon Cannon  
  41  6:01  Assimilator  
  41  6:05  Assimilator  
  41  6:08  Colossus (Chrono Boost)  
  45  6:29  Probe  
  45  6:30  Probe  
  47  6:41  Probe  
  47  6:42  Probe  
  55  7:08  Probe  
Show
View Real Time Build Order
Export as new Build Order

yander Zerg 

Build Orders: Hatch First 

Get SALT Encoding   

  12  0:07  Drone  
  12  0:08  Drone  
  14  0:22  Overlord  
  14  0:46  Hatchery  
  13  0:55  Drone x3  
  16  1:10  Drone  
  17  1:18  Spawning Pool  
  17  1:19  Extractor  
  15  1:38  Drone x2  
  18  2:01  Drone x4  
  21  2:09  Zergling x2  
  21  2:11  Queen  
  21  2:13  Queen  
  26  2:18  Zergling x2  
  27  2:30  Spine Crawler  
  27  2:32  Metabolic Boost, Spine Crawler  
  25  2:38  Zergling x4  
  25  2:43  Overlord  
  27  3:12  Drone x3  
  30  3:14  Drone x3  
  33  3:24  Baneling Nest  
  33  3:25  Drone  
  33  3:26  Drone  
  34  3:33  Queen  
  36  4:02  Lair  
  35  4:07  Zergling x4  
  35  4:08  Zergling x4  
  36  4:51  Overlord  
  36  4:52  Overlord  
  36  4:53  Overlord  
  36  5:14  Hatchery  
  35  5:35  Zergling x16  
  41  5:36  Zergling x4  
  41  5:39  Baneling  
  41  5:40  Baneling x6  
  41  5:41  Baneling  
  42  6:06  Centrifical Hooks  
  42  6:16  Drone  
  42  6:17  Drone x5  
  48  6:22  Extractor  
  48  6:24  Extractor  
  46  6:27  Extractor  
  45  6:43  Hatchery  
  44  6:48  Zergling x4  
  44  6:49  Zergling x10  
  37  7:06  Spore Crawler  
  36  7:09  Spore Crawler  
  36  7:10  Spore Crawler x2  
  36  7:12  Spore Crawler  
Tags
 
Add a new tag
Caveats
  • Supply blocks, unpowered buildings, or Contaminate may cause inaccurate times.
  • Supply counts are checked every 10 seconds.